AoeStats
← flynorc

Four Lakes

508536057Analyzed
1v1 RM · 8d ago on Sep 22, 2026· 16m 50s· 2 players
Game mode
Random Map
Map size
Tiny (2 player)
Population
200
Speed
Normal
Resources
Standard
Victory
Conquest
Starting age
Dark Age
Ending age
Imperial Age
RankedLock teamsTeams togetherTeam positionsShared explorationLock speedFull tech treeHidden civsTurbo modeCheats
Victory
Defeat
🇬🇧 Lithuanians · United Kingdom
1488
+18
🇦🇹 Bulgarians · Austria
1529
-18
spudjii
12:37 Feudal Age
12:58 Loom
16:41 Castle Age
15:37 Fletching
16:42 Double-Bit Axe
flynorc
5:13 Loom
11:32 Feudal Age
12:03 Arson
12:23 Double-Bit Axe
13:21 Forging
13:33 Scale Mail Armor
Connection lost

Rejoining the realm…

Still unreachable

The connection could not be restored.

Session expired

The server has moved on; the page needs a fresh start.